AoeStats
← d

Arena

504191882Analyzed
4v4 RM · 27d ago on Sep 4, 2026· 50m 35s· 8 players
Game mode
Random Map
Map size
Large (8 player)
Population
200
Speed
Normal
Resources
Standard
Victory
Conquest
Starting age
Dark Age
Ending age
Imperial Age
RankedLock teamsTeams togetherTeam positionsShared explorationLock speedFull tech treeHidden civsTurbo modeCheats
Victory
Defeat
🇨🇳 Romans · China
1706
+12
🇨🇳 Malay · China
1706
+12
🇦🇷 Japanese · Argentina
1674
+13
🇯🇴 Bulgarians · Jordan
1571
+18
1682
-17
🇦🇷 Chinese · Argentina
1616
-14
🇨🇳 Bengalis · China
1582
-12
🇨🇳 Aztecs · China
1570
-12
d
10:25 Feudal Age
14:14 Castle Age
12:16 Double-Bit Axe
12:42 Horse Collar
15:20 Bow Saw
16:17 Loom
21:14 Wheelbarrow
21:31 Gold Mining
22:27 Heavy Plow
23:16 Stone Mining
24:49 Gold Shaft Mining
27:51 Imperial Age
26:12 Hand Cart
25:44 Town Watch
26:48 Fortified Wall
28:24 Paiks
28:32 Fletching
28:05 Elite Elephant Archer
29:14 Bodkin Arrow
30:34 Chemistry
29:54 Ballistics
30:11 Bracer
30:12 Padded Archer Armor
30:49 Conscription
34:45 Leather Archer Armor
36:59 Ring Archer Armor
37:36 Crop Rotation
38:07 Two-Man Saw
36:56 Loom
37:46 Scale Barding Armor
37:53 Forging
37:54 Bloodlines
37:44 Husbandry
37:38 Light Cavalry
39:14 Chain Barding Armor
39:30 Iron Casting
39:21 Mahayana
39:13 Masonry
41:48 Plate Barding Armor
42:14 Blast Furnace
46:16 Elite Skirmisher
3∅∰©Ψ H̵͎̄ẽ̵̝ ̵
10:31 Feudal Age
14:29 Castle Age
13:21 Double-Bit Axe
13:44 Horse Collar
21:20 Bow Saw
21:58 Wheelbarrow
21:38 Heavy Plow
22:51 Gold Mining
24:10 Hand Cart
23:54 Loom
24:46 Gold Shaft Mining
24:58 Stone Mining
26:54 Scale Barding Armor
27:00 Forging
26:55 Husbandry
26:16 Light Cavalry
27:07 Bloodlines
30:29 Imperial Age
28:48 Chain Barding Armor
30:21 Fletching
30:31 Padded Archer Armor
30:50 Heavy Cavalry Archer
31:56 Parthian Tactics
31:27 Bodkin Arrow
31:42 Thumb Ring
32:27 Bracer
33:09 Leather Archer Armor
34:09 Ballistics
34:50 Chemistry
36:20 Conscription
37:20 Plate Barding Armor
37:26 Iron Casting
37:29 Masonry
37:16 Cavalier
38:10 Elite Tarkan
38:42 Hussar
40:28 Blast Furnace
39:36 Marauders
39:25 Town Watch
42:16 Devotion
46:15 Elite Skirmisher
VIVIAN
11:11 Feudal Age
12:26 Wheelbarrow
11:38 Double-Bit Axe
16:01 Castle Age
13:58 Horse Collar
14:45 Gold Mining
17:41 Loom
18:12 Bow Saw
19:17 Fervor
21:12 Sanctity
23:22 Heavy Plow
25:11 Redemption
25:41 Atonement
25:44 Fletching
26:57 Bodkin Arrow
28:04 Hand Cart
31:35 Imperial Age
29:08 Squires
29:19 Eagle Warrior
30:00 Scale Mail Armor
30:09 Town Watch
31:00 Chain Mail Armor
30:57 Forging
30:52 Arson
31:36 Treadmill Crane
31:37 Elite Eagle Warrior
32:49 Plate Mail Armor
32:56 Iron Casting
33:23 Conscription
33:38 Crop Rotation
34:07 Garland Wars
34:50 Blast Furnace
35:44 Elite Jaguar Warrior
38:39 Ballistics
38:20 Bracer
39:17 Siege Engineers
41:16 Gold Shaft Mining
40:32 Stone Mining
41:22 Pikeman
44:05 Capped Ram
46:05 Chemistry
45:49 Siege Ram
50:00 Town Patrol
_Ares_大锤
0:35 Loom
8:59 Feudal Age
9:31 Double-Bit Axe
10:28 Fletching
12:57 Town Watch
15:01 Wheelbarrow
15:32 Horse Collar
21:22 Castle Age
19:51 Gold Mining
19:52 Stone Mining
22:22 Bow Saw
22:51 Bodkin Arrow
26:36 Padded Archer Armor
26:37 Heavy Plow
34:21 Imperial Age
34:38 Imperial Age
33:24 Leather Archer Armor
33:34 Ballistics
35:07 Hand Cart
34:37 Crossbowman
35:22 Thumb Ring
35:41 Conscription
35:24 Bracer
36:57 Two-Man Saw
38:02 Ring Archer Armor
38:39 Chemistry
37:49 Arbalester
39:33 Scale Barding Armor
39:38 Forging
40:31 Bombard Tower
40:36 Bloodlines
40:26 Husbandry
40:09 Light Cavalry
41:35 Chain Barding Armor
42:32 Iron Casting
42:06 Great Wall
43:59 Plate Barding Armor
43:05 Heavy Rocket Cart
43:22 Cavalier
45:58 Blast Furnace
46:47 Elite Skirmisher
47:56 Masonry
48:53 Rocketry
KumaraGD
9:47 Feudal Age
14:06 Castle Age
12:24 Double-Bit Axe
12:47 Horse Collar
15:12 Bow Saw
19:44 Loom
20:21 Heavy Plow
22:10 Wheelbarrow
21:52 Gold Mining
22:12 Stone Mining
27:09 Imperial Age
24:54 Fletching
25:55 Ballistics
25:33 Bodkin Arrow
25:39 Padded Archer Armor
26:59 Leather Archer Armor
28:59 Chemistry
27:59 Bracer
28:36 Parthian Tactics
28:29 Masonry
30:15 Ring Archer Armor
30:54 Hand Cart
30:25 Town Watch
31:15 Thumb Ring
33:08 Block Printing
33:14 Sanctity
33:54 Scale Mail Armor
34:05 Forging
34:26 Conscription
33:56 Heavy Cavalry Archer
34:19 Elite Skirmisher
36:55 Hoardings
37:19 Guard Tower
38:05 Bloodlines
37:56 Husbandry
38:23 Caravan
38:44 Fervor
39:25 Murder Holes
40:38 Coinage
41:32 Chain Mail Armor
41:11 Pikeman
41:51 Squires
42:51 Iron Casting
45:03 Plate Mail Armor
45:53 Keep
45:25 Siege Engineers
47:12 Yasama
51:17 Fortified Wall
回忆里太多好
10:31 Feudal Age
10:26 Loom
15:54 Castle Age
14:31 Double-Bit Axe
14:27 Horse Collar
25:00 Bow Saw
28:04 Wheelbarrow
28:13 Gold Mining
28:13 Stone Mining
28:10 Town Watch
32:49 Imperial Age
31:44 Hand Cart
32:55 Ballistics
32:54 Masonry
34:48 Gold Shaft Mining
34:50 Conscription
34:10 Heavy Scorpion
35:53 Chemistry
36:19 Architecture
38:47 Siege Engineers
39:18 Scale Mail Armor
39:29 Forging
40:10 Conscription
41:25 Iron Casting
41:05 Chain Mail Armor
41:25 Iron Casting
41:05 Chain Mail Armor
41:26 Iron Casting
41:06 Chain Mail Armor
40:42 Fletching
42:43 Blast Furnace
41:38 Bodkin Arrow
42:23 Ballistas
42:22 Pikeman
43:03 Squires
43:48 Fortified Wall
44:16 Halberdier
47:25 Man-at-Arms
47:48 Capped Ram
48:51 Caravan
49:21 Coinage
49:02 Guilds
48:41 Siege Ram
CAPTAINKILL
10:34 Feudal Age
12:17 Loom
15:39 Castle Age
14:26 Horse Collar
15:22 Double-Bit Axe
19:13 Bow Saw
23:07 Wheelbarrow
22:38 Heavy Plow
23:11 Stone Mining
24:09 Gold Mining
25:02 Redemption
26:21 Scale Mail Armor
26:51 Town Watch
28:26 Hand Cart
28:12 Town Patrol
28:51 Gold Shaft Mining
28:54 Stone Shaft Mining
28:30 Pikeman
30:06 Forging
34:42 Imperial Age
32:38 Chain Mail Armor
32:59 Iron Casting
32:18 Gambesons
35:03 Ballistics
34:43 Onager
36:32 Conscription
36:31 Siege Engineers
37:29 Chemistry
36:23 Siege Onager
36:34 Siege Onager
37:26 Squires
37:12 Arson
38:21 Plate Mail Armor
38:51 Blast Furnace
37:49 Heavy Scorpion
38:43 Halberdier
43:57 Capped Ram
46:29 Siege Ram
47:58 Coinage
50:11 Banking
mesa
11:20 Feudal Age
15:11 Castle Age
14:05 Double-Bit Axe
14:05 Horse Collar
20:41 Bow Saw
22:58 Scale Barding Armor
24:42 Loom
25:37 Wheelbarrow
25:17 Light Cavalry
26:16 Forging
27:59 Hand Cart
28:05 Husbandry
31:07 Imperial Age
29:34 Iron Casting
30:23 Town Watch
31:44 Blast Furnace
30:35 Fletching
32:21 Conscription
31:25 Man-at-Arms
32:06 Squires
32:19 Forced Levy
32:14 Long Swordsman
33:44 Two-Handed Swordsman
34:16 Arson
35:05 Coinage
34:37 Caravan
37:48 Banking
38:21 Heavy Plow
38:27 Heavy Plow
39:27 Bodkin Arrow
39:33 Padded Archer Armor
41:13 Chemistry
40:37 Ballistics
40:27 Bracer
40:39 Crossbowman
41:41 Thumb Ring
42:53 Leather Archer Armor
43:12 Arbalester
43:48 Elite Skirmisher
44:24 Pikeman
45:39 Ring Archer Armor
46:05 Masonry
50:16 Halberdier
Connection lost

Rejoining the realm…

Still unreachable

The connection could not be restored.

Session expired

The server has moved on; the page needs a fresh start.